 Dungeon Crawl Stone Soup version 0.17-a0-1920-gafa4d75 (webtiles) character file.

112 kosy22 the Ducker (level 4, -1/44 HPs)
             Began as a Troll Fighter on Sept 27, 2015.
             Slain by a gnoll (2 damage)
             ... on level 3 of the Dungeon.
             The game lasted 00:05:06 (2348 turns).

kosy22 the Ducker (Troll Fighter)                   Turns: 2348, Time: 00:05:06

Health: -1/44      AC:  5    Str: 25    XL:     4   Next: 63%
Magic:  3/3        EV:  8    Int:  4    God:
Gold:   110        SH:  9    Dex:  9    Spells: 0 memorised, 3 levels left

rFire  . . .     SeeInvis .       - Unarmed
rCold  . . .     Clarity  .     a - +0 robe
rNeg   . . .     SustAt   .     b - +0 shield
rPois  .         Gourm    +     (helmet restricted)
rElec  .         Spirit   .     (no cloak)
rCorr  .         Warding  .     (gloves unavailable)
rMut   .         Stasis   .     (boots unavailable)
MR     .....                    (no amulet)
Stlth  +.........               (no ring)
                                (no ring)

@: about to teleport, not resistant to hostile enchantments, very unstealthy
A: unfitting armour, claws 3, fast metabolism 3, gourmand, regeneration 2,
shaggy fur 1, tough skin 2
a: no special abilities


You were on level 3 of the Dungeon.
You were not hungry.

You visited 1 branch of the dungeon, and saw 3 of its levels.

You collected 110 gold pieces.

Inventory:

Missiles
 o - a throwing net (quivered)
Armour
 a - a +0 robe (worn)
 b - a +0 shield (worn)
Scrolls
 e - 3 scrolls of amnesia
 f - 6 scrolls of identify
 g - a scroll of remove curse
 k - a scroll of fear {unknown}
 m - a scroll of immolation {unknown}
 r - a scroll of random uselessness {unknown}
Potions
 c - a potion of might
 h - a potion of agility
 l - a potion of invisibility {unknown}
 p - a potion of magic {unknown}
 q - a potion of curing {unknown}
Comestibles
 j - a beef jerky


   Skills:
 + Level 2.6 Fighting
 + Level 3.5 Dodging
 + Level 0.1 Stealth
 + Level 3.0 Shields
 + Level 2.7 Unarmed Combat


You had 3 spell levels left.
You didn't know any spells.

Dungeon Overview and Level Annotations

Branches:
Dungeon (3/15)

Altars:


Innate Abilities, Weirdness & Mutations

You are too large for most types of armour.
You have claws for hands.
Your metabolism is lightning-fast.
You like to eat raw meat.
You heal very quickly.
You are covered in fur (AC +1).
You have very tough skin (AC +2).


Message History

The gnoll hits you but does no damage. You block the gnoll's attack.
Drink which item? (? for menu, Esc to quit)
It was a potion of flight.
You feel very buoyant.
You fly up into the air.
The gnoll closely misses you. The gnoll completely misses you.
The gnoll hits you.
* * * LOW HITPOINT WARNING * * *
Drink which item? (? for menu, Esc to quit)
It was a potion of cancellation.
Your magical effects are unravelling.
You feel magically purged.
You feel a little less agile now. The gnoll hits you but does no damage.
You block the gnoll's attack. The gnoll hits you.
* * * LOW HITPOINT WARNING * * *
Read which item? (? for menu, Esc to quit)
As you read the scroll labeled PASAOMP XONEIRCH, it crumbles to dust.
You feel strangely unstable.
It was a scroll of teleportation.
You float gracefully downwards.
The gnoll hits you.
You die...

..... ##...#
.....#
#....####
#.......
#.....#
.#####..g..#
......g@g..#
#######....##..
...............
#.#.......####.
#.......###
###......#
+..(.#.#
+....#.#
#....#.## .#


You could see 3 gnolls.

Vanquished Creatures
  5 adders
  An ooze (D:1)
  A worm (D:3)
  3 giant geckos
  4 giant cockroaches
  10 goblins
  2 hobgoblins
  2 jackals (D:2)
  7 kobolds
  A ball python (D:1)
  10 bats
  2 giant newts (D:2)
  2 quokkas
  8 rats
58 creatures vanquished.

Notes
Turn   | Place    | Note
--------------------------------------------------------------
     0 | D:1      | kosy22 the Troll Fighter began the quest for the Orb.
     0 | D:1      | Reached XP level 1. HP: 22/22 MP: 0/0
   301 | D:1      | Reached XP level 2. HP: 29/29 MP: 1/1
  1092 | D:1      | Reached XP level 3. HP: 36/36 MP: 2/2
  1330 | D:2      | Reached skill level 3 in Dodging
  1379 | D:2      | Found a faded altar to an unknown god.
  1522 | D:2      | Reached XP level 4. HP: 44/44 MP: 3/3
  2347 | D:3      | HP: 1/44 [gnoll (3)]
  2348 | D:3      | Slain by a gnoll

Vault maps used:
D:1:      evilmike_arrival_home_sweet_home, lemuel_flame_loot_1
D:2:      ecumenical_altar_2, first_bread, minmay_splitting_lines
D:3:      old_standard_altar, minmay_mini_jars

Action                   |  1- 3 |  4- 6 || total
-------------------------+-------+-------++-------
Melee: Unarmed           |   102 |    61 ||   163
  Use: Scroll            |     4 |     1 ||     5
       Potion            |       |     3 ||     3
  Eat: Chunk             |     2 |     5 ||     7
       Bread ration      |     2 |     1 ||     3
